 Dungeon Crawl Stone Soup version 0.28-a0-1233-g92def6ad0a (webtiles) character file.

Game seed: 6248795849916930388

114 Lekart the Chopper (level 4, -1/34 (40) HPs)
             Began as a Draconian Chaos Knight on Dec 23, 2021.
             Was a Plaything of Xom.
             Succumbed to Sigmund's poison
             ... on level 2 of the Dungeon.
             The game lasted 00:06:11 (2134 turns).

Lekart the Chopper (Draconian Chaos Knight)         Turns: 2134, Time: 00:06:12

HP:   -1/34 (40)    AC:  5    Str: 12 (15) XL:     4   Next: 66%
MP:   4/4           EV: 12    Int: 11 (12) God:    Xom [..*...]
Gold: 1362          SH:  0    Dex: 10 (12) Spells: 3/3 levels left

rFire   + . .      SeeInvis .   a - +0 hand axe (chaos)
rCold   . . .      Faith    .   (no shield)
rNeg    . . .      Spirit   .   (armour unavailable)
rPois   .          Reflect  .   (helmet restricted)
rElec   .          Harm     .   b - scarf {repulsion}
rCorr   .          Rampage  .   (no gloves)
Will    .....                   (no boots)
Stlth   +.........              (no amulet)
HPRegen 0.11/turn               (no ring)
MPRegen 0.09/turn               (no ring)

@: lethally poisoned (-1 -> -22), heavily drained, repel missiles
A: AC +5, unfitting armour, cold-blooded, fangs 1, hooves 1, fire resistance 1
a: Renounce Religion


You were on level 2 of the Dungeon.
You worshipped Xom.
You were a toy of Xom.
You visited 1 branch of the dungeon, and saw 2 of its levels.

You collected 1362 gold pieces.

Inventory:

Hand Weapons
 a - a +0 hand axe of chaos (weapon)
Armour
 b - a scarf of repulsion (worn)
Potions
 e - a potion of mutation


   Skills:
 + Level 4.2 Fighting
 + Level 4.4 Axes
 + Level 2.8 Dodging


You had 3 spell levels left.
You didn't know any spells.
Your spell library was empty.

Dungeon Overview and Level Annotations

Branches:
Dungeon (2/15)

Altars:

Annotations:
D:1 exclusion: downstairs
D:2 Sigmund


Innate Abilities, Weirdness & Mutations

Your plain brown scales are hard. (AC +5)
You cannot fit into any form of body armour.
You are cold-blooded and may be slowed by cold attacks.
You have very sharp teeth.
You have large cloven feet.
Your flesh is heat resistant. (rF+)


Message History

You now have 1362 gold pieces (gained 15).
Sigmund is nearby!
Sigmund is nearby!
Sigmund shouts!
Sigmund is nearby!
Sigmund misses you.
There is an open door here.
You slash Sigmund! You freeze Sigmund.
Sigmund is moderately wounded.
Sigmund closely misses you.
You barely miss Sigmund. You kick Sigmund.
Sigmund is heavily wounded.
Sigmund hits you with a +4 scythe of venom.
You are poisoned.
You hit Sigmund. Your kick misses Sigmund.
Your tail-slap misses Sigmund.
Sigmund is heavily wounded.
You feel very sick.
Sigmund hits you with a +4 scythe of venom!
You are lethally poisoned!
You are too injured to fight recklessly!
You are too injured to fight recklessly!
Okay, then.
You aren't carrying any scrolls.
Unknown command.
You hit Sigmund. You burn Sigmund. Your kick misses Sigmund.
Sigmund is severely wounded.
* * * LOW HITPOINT WARNING * * *
You feel extremely sick.
Xom makes a sudden noise!
You hear a voice calling your name.
You hear an angry hiss. x2
You closely miss Sigmund. Your kick misses Sigmund.
Sigmund is severely wounded.
* * * LOW HITPOINT WARNING * * *
You feel very sick. Sigmund closely misses you.
You hit Sigmund but do no damage.
Your tail-slap misses Sigmund.
Your bite misses Sigmund.
Sigmund is severely wounded.
You die...
Xom howls with laughter!

.#....###.. ...
.'......... ....
#......#.# ... #....<#.#
... #.....#.#
#.###......####
#.............####
####........##.....
#.@'.........#.....
......@.#.............†.
........................
..#........)........#...
. #######.....####.##)..
.#####...#'## #..#.).
...S...<.'.. ##.#.#'
...###...#... #.)÷..
..{.... ##†##.


You could see Sigmund.

Vanquished Creatures
  Robin (D:2)
  3 adders (D:2)
  A worm (D:2)
  A dart slug (D:1)
  4 ball pythons (D:1)
  4 endoplasms
  3 giant cockroaches (D:1)
  12 goblins
  7 hobgoblins
  4 jackals (D:2)
  2 quokkas
  A bat (D:1)
  2 frilled lizards
  7 kobolds
  4 rats
56 creatures vanquished.

Vanquished Creatures (collateral kills)
  A gnoll (D:1)
1 creature vanquished.

Grand Total: 57 creatures vanquished

Notes
Turn   | Place    | Note
-------+----------+-------------------------------------------
     0 | D:1      | Lekart the Draconian Chaos Knight began the quest for the
                  | Orb.
     0 | D:1      | Reached XP level 1. HP: 19/19 MP: 1/1
   178 | D:1      | XOM: divination: detect creatures
   220 | D:1      | XOM: enchant monster (good)
   331 | D:1      | Identified a scroll of acquirement
   331 | D:1      | Acquired 1300 gold pieces
   418 | D:1      | Reached XP level 2. HP: 25/26 MP: 2/2
   624 | D:1      | Noticed a shining eye
   626 | D:1      | Found a faded altar of an unknown god.
   641 | D:1      | HP: 1/26 [gnoll (5)]
   661 | D:1      | XOM: cast spell 'Call Canine Familiar'
   727 | D:1      | XOM: noise
   747 | D:1      | Reached XP level 3. HP: 5/33 MP: 3/3
   766 | D:1      | XOM: silly message
   779 | D:1      | XOM: noise
   855 | D:1      | Noticed an eye of devastation
  1024 | D:1      | Noticed a golden eye
  1024 | D:1      | Noticed a floating eye
  1094 | D:1      | XOM: silly message
  1484 | D:2      | Noticed Sigmund
  1630 | D:2      | Gained mutation: You have large cloven feet. [potion of
                  | mutation]
  1630 | D:2      | Gained mutation: Your flesh is heat resistant. (rF+)
                  | [potion of mutation]
  1630 | D:2      | Gained mutation: You have very sharp teeth. [potion of
                  | mutation]
  1791 | D:2      | Noticed Robin
  1809 | D:2      | Reached XP level 4. HP: 33/40 MP: 4/4
  1822 | D:2      | Killed Robin
  2033 | D:2      | XOM: confusion (+ monsters)
  2061 | D:2      | XOM: draining
  2132 | D:2      | XOM: noise
  2134 | D:2      | Succumbed to Sigmund's poison

Illustrated notes

Levels and vault maps discovered:
D:1:      roderic_octagonal_star, layout_loops_ring,
          hellmonk_ecumenical_altar_watching_god
D:2:      layout_basic, uniq_robin, uniq_sigmund

Skill      XL: |  1  2  3 |
---------------+----------+-----
Fighting       | 4 |  4.2
Axes           | 4 |  4.4
Dodging        | |  2.8

Action                   |  1- 3 |  4- 6 || total
-------------------------+-------+-------++-------
Melee: Hand axe          |    99 |    43 ||   142
       Tailslap          |     9 |     3 ||    12
       Kick              |     1 |     8 ||     9
       Bite              |       |     1 ||     1
  Use: Scroll            |     4 |       ||     4
       Potion            |     2 |     2 ||     4
 Stab: Petrified         |     2 |       ||     2
       Paralysed         |     1 |       ||     1
Armor: Skin              |    39 |    12 ||    51
Dodge: Dodged            |    70 |    18 ||    88

Table legend: (Time is in decaauts)
 A = Elapsed time spent in this place.
 B = Non-inter-level travel time spent in this place.
 C = Inter-level travel time spent in this place.
 D = Time resting spent in this place.
 E = Time spent auto-exploring this place.
 F = Levels seen in this place.
 G = Mean time per level.
                   A        B        C        D        E       F      G
               +--------+--------+--------+--------+--------+-----+--------+
         Total |   2166 |   2112 |     54 |    655 |   1015 |   2 | 1083.0 |
       Dungeon |   2166 |   2112 |     54 |    655 |   1015 |   2 | 1083.0 |
               +--------+--------+--------+--------+--------+-----+--------+

Top non-repeatable levels by time:
     D:1: 1535 daAuts
     D:2: 631 daAuts
